 Dungeon Crawl Stone Soup version 0.15.2 (webtiles) character file.

2181 Amnesiac the Martial Artist (level 9, -2/63 HPs)
             Began as a Mummy Monk on Mar 27, 2018.
             Shot with a sling bullet by Joseph (8 damage)
             ... on Level 7 of the Dungeon.
             The game lasted 00:17:48 (9393 turns).

Amnesiac the Martial Artist (Mummy Monk)            Turns: 9393, Time: 00:17:49

HP  -2/63        AC  7     Str 14      XL: 9   Next: 11%
MP   9/9         EV 15     Int  9      God:
Gold 379         SH  0     Dex 17      Spells:  0 memorised,  8 levels left

rFire  x . .     SeeInvis .       - Unarmed
rCold  + . .     Clarity  .     (no armour)
rNeg   + + +     rCorr    .     (no shield)
rPois  +         rRot     +     (no helmet)
rElec  .         Spirit   .     b - +0 cloak
SustAb .         Warding  .     n - +0 pair of gloves (curse)
rMut   .         Stasis   .     (no boots)
Gourm  .                        (no amulet)
MR     +....                    j - +5 ring of protection
                                f - +2 ring of evasion

@: somewhat resistant to hostile enchantments, unstealthy
A: no food or potions, fire vulnerability, restore body, cold resistance 1,
negative energy resistance 3, poison resistance, torment resistance, unbreathing
a: no special abilities


You were on level 7 of the Dungeon.
You were not hungry.

You visited 1 branch of the dungeon, and saw 8 of its levels.

You collected 379 gold pieces.

Inventory:

Armour
 b - a +0 cloak (worn)
 n - a cursed +0 pair of gloves (worn)
Scrolls
 d - 2 scrolls of identify
 e - a scroll of teleportation
 g - 8 scrolls of remove curse
 h - a scroll of silence
 m - a scroll of fog
Jewellery
 a - an uncursed ring of protection from fire
 f - a +2 ring of evasion (left hand)
 j - a +5 ring of protection (right hand)


   Skills:
 - Level 3.0 Fighting
 - Level 2.4 Dodging
 - Level 1.5 Stealth
 + Level 10.6 Unarmed Combat


You had 8 spell levels left.
You didn't know any spells.

Dungeon Overview and Level Annotations

Branches:
Dungeon (8/15)             Temple (0/1) D:5
   Lair: D:8-11

Altars:
Elyvilon
Fedhas
Kikubaaqudgha
Qazlal
Vehumet
Xom

Shops:
D:5 !(*   D:6 [

Annotations:
D:2 exclusion: oklob plant
D:7 Joseph
D:8 Dowan, Duvessa


Innate Abilities, Weirdness & Mutations

You do not eat or drink.
Your flesh is vulnerable to fire.
Your flesh is cold resistant.
You are immune to negative energy.
Your system is resistant to poisons.
You are immune to unholy pain and torment.
You can survive without breathing.


Message History

You see here a sling bullet.
Joseph shoots a sling bullet.
The sling bullet completely misses you.
Joseph zaps a wand.
The bolt of negative energy hits you! You resist.
Joseph says, "You must be punished!
Or...
I want to punish you!"
You see here a sling bullet.
There is an open door here.
Joseph shoots a sling bullet.
The sling bullet barely misses you.
You see here a sling bullet.
You see here a thick jasper amulet.
Joseph shoots a sling bullet.
The sling bullet hits you! The sling bullet burns you.
* * * LOW HITPOINT WARNING * * *
You see here a sling bullet.
Joseph shoots a sling bullet.
The sling bullet hits you.
* * * LOW HITPOINT WARNING * * *
The sling bullet burns you.
* * * LOW HITPOINT WARNING * * *
You see here a sling bullet.
Joseph shoots a sling bullet.
The sling bullet hits you!
You die...

#.%.........#....%# #.#.#.#
#######...........#.....###.#.#.#
..................'.....'(.......
...###########....#....(###@#.#.#
......# #.........(# #.#.#.#
......# #..........# #.#.#.#
......# #..........# #.#.#.#
......# #..........###@#.#.#
##....# #..@.#.........#.#.#
#....# #...(......@...#.#..
#....# ###..(#.###..".#.###
#....# ### #..."........#.# #
#....# #.# #...#..##...##.# #
#....######.###...##.##...##.# #
#.........#...###.##.##...##.# #
###...####.#.#.# #.##..#...##.# #
..(...# #.#.#.# #.###.######.# #


You could see Joseph.

Vanquished Creatures
  The ghost of Grimoiregrey the Shield-Bearer, an experienced HuFi of Zin (D:6)
  The ghost of glosham the Skirmisher, an average OgAM (D:4)
  A black bear (D:7)
  An ice beast (D:4)
  A sky beast (D:5)
  A centaur (D:7)
  2 ogres (D:5)
  2 giant frogs
  3 killer bees (D:7)
  A scorpion (D:8)
  3 crimson imps
  A giant frog zombie (D:7)
  2 jellies (D:5)
  An orc priest (D:6)
  3 orc wizards
  A quasit (D:5)
  3 hounds
  An iguana (D:5)
  3 worker ants
  Ijyb (D:3)
  A worker ant zombie (D:6)
  4 gnolls (D:5)
  5 adders
  3 green rats (D:5)
  4 shadow imps
  2 giant mites
  6 worms
  2 orc zombies
  An adder zombie (D:5)
  3 giant geckos
  8 orcs
  4 giant cockroaches
  11 hobgoblins
  7 kobolds
  6 quokkas
  A sheep (D:5)
  3 ball pythons
  8 bats
  6 giant newts
  9 goblins
  A goblin zombie (D:5)
  2 hobgoblin skeletons (D:6)
  A hobgoblin zombie (D:7)
  15 rats
146 creatures vanquished.

Vanquished Creatures (others)
  7 fungi (D:2)
  4 plants
11 creatures vanquished.

Grand Total: 157 creatures vanquished

Notes
Turn   | Place    | Note
--------------------------------------------------------------
     0 | D:1      | Amnesiac, the Mummy Monk, began the quest for the Orb.
     0 | D:1      | Reached XP level 1. HP: 18/18 MP: 1/1
   523 | D:1      | Reached XP level 2. HP: 24/24 MP: 2/2
   780 | D:2      | Reached skill level 4 in Unarmed Combat
   834 | D:2      | Reached XP level 3. HP: 20/29 MP: 3/3
  2322 | D:2      | Reached XP level 4. HP: 32/35 MP: 4/4
  2685 | D:2      | Found a blossoming altar of Fedhas.
  2717 | D:2      | Noticed an oklob plant
  2892 | D:3      | Noticed Ijyb
  2953 | D:3      | Killed Ijyb
  2953 | D:3      | Reached skill level 5 in Unarmed Combat
  4132 | D:4      | Noticed glosham's ghost (average OgAM)
  4502 | D:4      | Killed glosham's ghost
  4502 | D:4      | Reached XP level 5. HP: 17/41 MP: 5/5
  4857 | D:4      | Reached skill level 6 in Unarmed Combat
  4857 | D:4      | Reached XP level 6. HP: 29/47 MP: 6/6
  5182 | D:4      | Found a white marble altar of Elyvilon.
  5369 | D:5      | Entered Level 5 of the Dungeon
  5592 | D:5      | Reached skill level 7 in Unarmed Combat
  5656 | D:5      | Reached XP level 7. HP: 48/52 MP: 7/7
  5840 | D:5      | Found Beroub's Weapon Boutique.
  6029 | D:5      | Found a shimmering altar of Xom.
  6106 | D:5      | Found Eqisow's General Store.
  6371 | D:5      | Reached skill level 8 in Unarmed Combat
  6424 | D:5      | Found Kluff's Distillery.
  6504 | D:5      | Found a radiant altar of Vehumet.
  6602 | D:5      | Found a staircase to the Ecumenical Temple.
  6660 | D:6      | Found Tudat's Armour Boutique.
  6663 | D:6      | Noticed Grimoiregrey's ghost (experienced HuFi)
  6940 | D:6      | Reached XP level 8. HP: 36/58 MP: 8/8
  7390 | D:6      | Found an ancient bone altar of Kikubaaqudgha.
  7661 | D:6      | Killed Grimoiregrey's ghost
  7661 | D:6      | Reached skill level 9 in Unarmed Combat
  8047 | D:7      | Found a stormy altar of Qazlal.
  8116 | D:7      | Reached skill level 10 in Unarmed Combat
  8744 | D:7      | Reached XP level 9. HP: 21/63 MP: 9/9
  9312 | D:8      | Noticed Dowan
  9330 | D:8      | Noticed Duvessa
  9370 | D:7      | Noticed Joseph
  9393 | D:7      | Shot with a sling bullet by Joseph

Action                   |  1- 3 |  4- 6 |  7- 9 || total
-------------------------+-------+-------+-------++-------
Melee: Unarmed           |   143 |   298 |   363 ||   804
  Use: Scroll            |     4 |     1 |     7 ||    12
 Stab: Sleeping          |     2 |     2 |     3 ||     7
       Distracted        |     1 |       |       ||     1
